 Dungeon Crawl Stone Soup version 0.30-a0-55-g90e3122c3a (webtiles) character file.

Game seed: 15299912755523295165

222 IdlyInterested the Slasher (level 6, -7/47 HPs)
             Began as a Formicid Monk on Sept 8, 2022.
             Splashed by a jelly's acid (8 damage)
             ... on level 4 of the Dungeon on Sept 9, 2022.
             The game lasted 00:09:49 (3478 turns).

IdlyInterested the Slasher (Formicid Monk)          Turns: 3478, Time: 00:09:49

Health: -7/47      AC: -7    Str: 16    XL:     6   Next: 19%
Magic:  6/6        EV: 13    Int: 15    God:
Gold:   228        SH:  0    Dex: 18    Spells: 5/5 levels left

rFire   . . .      SeeInvis +    a - +0 falchion
rCold   + + .      Faith    .    (no shield)
rNeg    . . .      Spirit   .    E - +1 leather armour of Lucidity {rC++}
rPois   .          Reflect  .    (helmet unavailable)
rElec   .          Harm     .    (no cloak)
rCorr   .          Rampage  .    x - +0 pair of gloves
Will    .....                    (no boots)
Stlth   ++........               o - amulet of the acrobat
HPRegen 0.15/turn                H - +6 ring of intelligence
MPRegen 0.10/turn                (no ring)

@: corroded
A: permanent stasis, dig shafts and tunnels, antennae 3, four strong arms
a: Dig, Shaft Self


You were on level 4 of the Dungeon.
You visited 1 branch of the dungeon, and saw 4 of its levels.

You collected 228 gold pieces.

Inventory:

Hand Weapons
 a - a +0 falchion (weapon)
 h - a +0 rapier
Missiles
 c - a throwing net
 f - 11 poisoned darts (quivered)
 l - 5 atropa-tipped darts
Armour
 b - a +0 robe
 i - a +0 robe
 t - a +0 robe
 u - a +0 scale mail
 x - a +0 pair of gloves (worn)
 y - a +0 chain mail
 z - a +1 leather armour of willpower
 C - a +2 robe of the Archmagi
 D - a +0 ring mail
 E - the +1 leather armour of Lucidity (worn) {rC++}
   (You found it on level 4 of the Dungeon)

   rC:        It greatly protects you from cold.
 G - a +0 crystal plate armour
Jewellery
 k - an amulet of faith
 o - an amulet of the acrobat (around neck)
 H - a +6 ring of intelligence (left hand)
Wands
 n - a wand of charming (7)
Scrolls
 d - 2 scrolls of teleportation {unknown}
 e - 2 scrolls of noise {unknown}
 g - a scroll of amnesia {unknown}
 j - 2 scrolls of brand weapon {unknown}
 q - a scroll of summoning {unknown}
 s - a scroll of vulnerability {unknown}
 v - a scroll of immolation {unknown}
 w - a scroll of poison {unknown}
 A - a scroll of magic mapping {unknown}
 B - a scroll of silence {unknown}
 F - a scroll of identify {unknown}
Potions
 m - a potion of lignification {unknown}
 p - a potion of experience {unknown}
 r - a potion of attraction {unknown}
 I - a potion of magic {unknown}


   Skills:
 - Level 3.2 Fighting
 * Level 5.0 Long Blades
 + Level 3.7 Dodging
 - Level 2.4 Stealth
 + Level 3.3 Shields


You had 5 spell levels left.
You didn't know any spells.
Your spell library contained the following spells:

 Spells                   Type           Power      Damage    Failure   Level
 Foxfire                  Conj/Fire      0%         2x1d4     32%         1
 Confusing Touch          Hex            0%         N/A       69%         3
 Conjure Flame            Conj/Fire      0%         6-21      69%         3
 Inner Flame              Hex/Fire       0%         N/A       69%         3
 Cause Fear               Hex            0%         N/A       97%         4
 Flame Wave               Conj/Fire      0%         2d4       97%         4
 Yara's Violent Unravell  Hex/Tmut       0%         3d3       100%        5
 Dragon Form              Tmut           0%         N/A       100%        7
 Enfeeble                 Hex            0%         N/A       100%        7
 Dragon's Call            Summ           0%         N/A       100%        9


Dungeon Overview and Level Annotations

Branches:
Dungeon (4/15)
 Temple: D:4-7

Altars:
Ashenzari
Qazlal
Sif Muna
Xom


Innate Abilities, Weirdness & Mutations

You cannot be hasted, slowed, berserked, paralysed or teleported.
You can dig through walls and to a lower floor.
You have a pair of large antennae on your head. (SInv)
Your four strong arms can wield two-handed weapons with a shield.


Message History

H - a +6 ring of intelligence You feel clever.
H - a +6 ring of intelligence (left hand)
I - a bubbling coppery potion You start resting.
HP restored.
A jelly comes into view.
The jelly quivers.
You see here 6 gold pieces.
The jelly closely misses you.
You hit the jelly.
Your hands burn!
The jelly is moderately wounded.
The jelly closely misses you.
You hit the jelly but do no damage. The acid corrodes you!
Your hands burn!
The jelly is moderately wounded.
The jelly hits you. The acid corrodes you!
You are splashed with acid.
You hit the jelly but do no damage.
Your hands burn!
The jelly is moderately wounded.
The jelly hits you. The acid corrodes you!
You are splashed with acid!
You hit the jelly but do no damage.
Your hands burn!
The jelly is moderately wounded.
The jelly completely misses you.
You hit the jelly but do no damage.
Your hands burn!
The jelly is moderately wounded.
The jelly barely misses you.
You hit the jelly but do no damage.
Your hands burn!
The jelly is moderately wounded.
The jelly hits you.
* * * LOW HITPOINT WARNING * * *
You are splashed with acid!
* * * LOW HITPOINT WARNING * * *
You hit the jelly but do no damage.
Your hands burn!
* * * LOW HITPOINT WARNING * * *
The jelly is moderately wounded.
The jelly completely misses you.
Okay, then.
The jelly attacks as you move away! The jelly hits you.
* * * LOW HITPOINT WARNING * * *
You are splashed with acid!
You die...

..# # #.. .# #..
.. #..## .##
.$..##+##... {{
#.$...J# #....@.#
######+##.$....#
#.......#.....†#
#.......##.....#
#.......##.....#
#.......##.....#
#........#.....#
#........#.....#
##..............#


You could see a jelly.

Vanquished Creatures
  A scorpion (D:4)
  6 gnolls
  3 adders
  An ufetubus (D:4)
  7 orcs
  10 ball pythons
  8 endoplasms
  2 giant cockroaches (D:2)
  5 goblins
  3 hobgoblins
  6 jackals (D:3)
  6 quokkas
  A bat (D:2)
  3 kobolds
  2 rats (D:1)
64 creatures vanquished.

Notes
Turn   | Place    | Note
-------+----------+-------------------------------------------
     0 | D:1      | IdlyInterested the Formicid Monk began the quest for the
                  | Orb.
     0 | D:1      | Reached XP level 1. HP: 18/18 MP: 1/1
   256 | D:1      | Reached XP level 2. HP: 24/24 MP: 2/2
   289 | D:1      | Reached skill level 1 in Shields
  1148 | D:2      | Reached XP level 3. HP: 24/29 MP: 3/3
  1201 | D:2      | Found a faded altar of an unknown god.
  1508 | D:2      | Reached XP level 4. HP: 24/35 MP: 4/4
  1842 | D:2      | Upgraded the game from 0.30-a0-54-g2e61a25929 to
                  | 0.30-a0-55-g90e3122c3a
  1887 | D:3      | Found a stormy altar of Qazlal.
  1931 | D:3      | Reached skill level 4 in Long Blades
  2296 | D:3      | Found a broken altar of Ashenzari.
  2296 | D:3      | Found a shimmering altar of Xom.
  2341 | D:3      | Reached XP level 5. HP: 23/41 MP: 5/5
  2682 | D:3      | Found a shimmering blue altar of Sif Muna.
  3308 | D:4      | Identified the +1 leather armour of Lucidity {rC++}
  3348 | D:4      | Reached skill level 5 in Long Blades
  3348 | D:4      | Reached XP level 6. HP: 37/47 MP: 6/6
  3478 | D:4      | HP: 1/47 [jelly (2)]
  3478 | D:4      | Splashed by a jelly's acid

Illustrated notes

Levels and vault maps discovered:
D:1:      sevenhm_arrival_forest_fort_small_4, layout_loops_ring
D:2:      layout_basic, ebering_ecumenical_altar_webs, minmay_pentomino_s4
D:3:      layout_basic, amcnicky_altar_gilded, nicolae_overflow_hidden_temple,
          old_standard_altar
D:4:      layout_basic, temple_hall

Skill      XL: |  1  2  3  4  5 |
---------------+----------------+-----
Shields        | 1 2 3 |  3.3
Dodging        | 3 |  3.7
Long Blades    | 4 5 |  5.0
Fighting       | |  3.2
Stealth        | |  2.4

Action                   |  1- 3 |  4- 6 || total
-------------------------+-------+-------++-------
Melee: Falchion          |    70 |   143 ||   213
  Use: Potion            |       |     1 ||     1
 Stab: Sleeping          |     8 |     1 ||     9
Armor: Robe              |     4 |       ||     4
       Scale mail        |       |    19 ||    19
       Chain mail        |       |    44 ||    44
       Leather armour    |       |     2 ||     2
Dodge: Dodged            |    49 |   109 ||   158

Table legend: (Time is in decaauts)
 A = Elapsed time spent in this place.
 B = Non-inter-level travel time spent in this place.
 C = Inter-level travel time spent in this place.
 D = Time resting spent in this place.
 E = Time spent auto-exploring this place.
 F = Levels seen in this place.
 G = Mean time per level.
                   A        B        C        D        E       F      G
               +--------+--------+--------+--------+--------+-----+--------+
         Total |   3500 |   3215 |    285 |   1106 |   1289 |   4 |  875.0 |
       Dungeon |   3500 |   3215 |    285 |   1106 |   1289 |   4 |  875.0 |
               +--------+--------+--------+--------+--------+-----+--------+

Top non-repeatable levels by time:
     D:1: 1013 daAuts
     D:3: 986 daAuts
     D:2: 818 daAuts
     D:4: 682 daAuts
